 Dungeon Crawl Stone Soup version 0.26-a0-651-gb41185065b (webtiles) character file.

Game seed: 14323533995648701160

(classic levelgen) 13631 EnegeticOcto the Cleaver (level 11, -2/100 HPs)
             Began as a Deep Dwarf Fighter on Oct 23, 2020.
             Was a Priest of Ru.
             Slain by a merfolk impaler
             ... wielding a +4 trident of flaming
              (13 damage)
             ... on level 1 of the Shoals.
             The game lasted 00:15:36 (2102 turns).

EnegeticOcto the Cleaver (Deep Dwarf Fighter)       Turns: 2102, Time: 00:15:36

Health: -2/100     AC: 14    Str: 17 (20) XL:     11   Next: 78%
Magic:  3/4        EV:  6    Int: 10 (12) God:    Ru [***...]
Gold:   572        SH:  0    Dex: 17 (18) Spells: 21/21 levels left

rFire    + . .     SeeInvis .   j - +2 hand axe (distort)
rCold    . . .     Faith    .   t - +2 kite shield
rNeg     . . .     Spirit   .   o - +0 plate armour
rPois    +         Reflect  .   (no helmet)
rElec    .         Harm     .   (no cloak)
rCorr    .         Rampage  .   e - +2 pair of gloves
MR       .....                  (no boots)
Stlth    ..........             (no amulet)
HPRegen  0.00/turn              y - ring of Keylex {+Inv rPois EV+4 Slay-2}
MPRegen  0.09/turn              q - +6 ring of dexterity

@: exhausted, about to teleport, mesmerised, very slightly contaminated, held,
non-regenerating, glowing, lightly drained, invisible (but backlit and visible)
A: damage resistance, heal wounds, fire resistance 1, sense surroundings 2, wild
magic 1, magic vulnerability 1, unskilled 1, no regeneration
a: Heal Wounds, Draw Out Power, Renounce Religion


You were on level 1 of the Shoals.
You worshipped Ru.
Ru was most pleased with you.
You visited 4 branches of the dungeon, and saw 14 of its levels.

You collected 572 gold pieces.

Inventory:

Hand Weapons
 a - a +0 war axe
 j - a +2 hand axe of distortion (weapon)
 k - a +2 war axe of electrocution
Missiles
 f - a throwing net (quivered)
Armour
 b - a +0 scale mail
 c - a +0 kite shield
 e - a +2 pair of gloves (worn)
 o - a +0 plate armour (worn)
 s - a +2 scale mail of fire resistance
 t - a +2 kite shield (worn)
Jewellery
 i - a +6 ring of intelligence
 l - an uncursed ring of stealth
 q - a +6 ring of dexterity (right hand)
 y - the ring of Keylex (left hand) {+Inv rPois EV+4 Slay-2}
   (You found it on level 4 of the Lair of Beasts)

   [ring of evasion]

   It affects your evasion (+4).
   It affects your accuracy and damage with ranged weapons and melee attacks
   (-2).
   It protects you from poison.
   It lets you turn invisible.
Wands
 h - a wand of polymorph (4)
Scrolls
 m - a scroll of fear
 x - a scroll of remove curse {@r2}
Potions
 d - 2 potions of might {@q3}
 g - 3 potions of curing {@q1}
 n - 4 potions of cancellation
 p - a potion of ambrosia
 v - a potion of stabbing


   Skills:
 + Level 7.0(6.9) Fighting
 * Level 12.6(12.5) Axes
 + Level 3.9(3.8) Armour
 + Level 2.3(2.2) Dodging
 + Level 8.4(8.2) Shields
 + Level 5.8(5.7) Spellcasting
 * Level 3.3(3.2) Evocations


You had 21 spell levels left.
You didn't know any spells.
Your spell library was empty.

Dungeon Overview and Level Annotations

Branches:
Dungeon (9/15)             Temple (1/1) D:6            Lair (4/6) D:8
 Shoals (1/4) Lair:3       Spider (0/4) Lair:2
    Orc: D:9-12

Altars:
Hepliaklqana
Nemelex Xobeh
Okawaru
Ru

Annotations:
Shoals:1 Jorgrun


Innate Abilities, Weirdness & Mutations

You are resistant to damage.
You can heal yourself by infusing magical energy.
You passively map the area around you.
You are slightly vulnerable to magic. (MR-)
You are somewhat unskilled. (-1 Apt)
You do not regenerate.
Your flesh is heat resistant. (rF+)
Your spells are a little harder to cast, but a little more powerful.


Message History

You are very lightly contaminated with residual magic.
You redirect the water elemental's attack!
The water elemental hits itself.
A faun comes into view. It is wielding a +0 club.
The faun shoots a stone.
You block the stone.
The merfolk hits you from afar with a +0 trident!
The faun begins to cast a spell, but is stunned by your will!
The faun unwields a +0 spear.
The faun wields a +0 hunting sling.
The faun shoots a stone.
The stone completely misses you.
The stone closely misses the water elemental.
You hit the wind drake.
The wind drake is devoured by a tear in reality.
You hit the water elemental.
Space bends around the water elemental.
You block the water elemental's attack.
The faun shoots a stone.
The stone hits you! You block the merfolk's attack.
You block the merfolk impaler's attack.
A snapping turtle comes into view.
You block the merfolk impaler's attack.
The faun shoots a stone.
The stone hits the water elemental.
You completely miss the merfolk impaler.
The snapping turtle hisses angrily.
You hit the water elemental.
The water elemental is devoured by a tear in reality.
The snapping turtle hisses angrily.
The merfolk hits you from afar with a +0 trident.
The snapping turtle hisses angrily.
The faun shoots a stone.
You block the stone.
The merfolk hits you but does no damage.
The faun unwields a +0 quarterstaff.
The faun wields a +0 hunting sling.
The faun shoots a sling bullet.
The sling bullet hits the merfolk!!
You hear a splash.
The faun points at the merfolk and mumbles some strange words.
The merfolk is outlined in light.
A sea snake comes into view.
You see here a stone.
You slash the merfolk!
The merfolk is heavily wounded.
The merfolk blinks!
The snapping turtle hisses angrily.
The sea snake hisses angrily.
The merfolk siren chants its luring song.
The faun gestures at you while chanting.
You resist with significant effort.
A merfolk comes into view. It is wielding a +0 trident.
The faun begins to cast a spell, but is stunned by your will!
It was a potion of degeneration.
There was something very wrong with that liquid.
You feel weakened.
You feel dopey.
You feel clumsy.
The merfolk shouts!
The snapping turtle hisses angrily.
The sea snake hisses angrily.
The merfolk siren chants its luring song.
The faun casts a spell at you.
You feel strangely conspicuous.
The faun gestures at you while chanting.
You resist with significant effort.
Evoke which item? (* to show all) (? for menu, Esc to quit)
Okay, then.
Okay, then.
As you read the scroll of teleportation {@r3}, it crumbles to dust.
You feel strangely unstable.
The snapping turtle hisses angrily.
You block the merfolk impaler's attack.
The faun shoots a stone.
The stone completely misses you.
The faun begins to cast a spell, but is stunned by your will!
The merfolk siren chants its luring song.
The merfolk barely misses you.
The merfolk impaler hits you from afar with a +4 trident of flaming!
The merfolk impaler burns you.
* * * LOW HITPOINT WARNING * * *
The faun unwields a +0 club.
The faun wields a +0 hunting sling.
The faun shoots a sling bullet.
The sling bullet closely misses you.
The faun gestures at you while chanting.
You resist with significant effort.
You feel much better.
The merfolk throws a throwing net.
The throwing net hits you.
You become entangled in the net!
The merfolk siren chants its luring song.
The faun shoots a stone.
The stone hits you.
The faun shoots a stone.
The stone hits you!
The merfolk impaler hits you from afar with a +4 trident of flaming!
* * * LOW HITPOINT WARNING * * *
The merfolk impaler burns you. The merfolk barely misses you.
The faun shoots a sling bullet.
The sling bullet hits you.
You feel much better.
The merfolk impaler hits you from afar with a +4 trident of flaming!
The merfolk impaler burns you.
The merfolk siren chants its luring song.
The faun begins to cast a spell, but is stunned by your will!
The merfolk hits you from afar with a +0 trident!
The merfolk impaler hits you from afar with a +4 trident of flaming!
* * * LOW HITPOINT WARNING * * *
The merfolk impaler burns you.
* * * LOW HITPOINT WARNING * * *
The merfolk hits you from afar with a +0 trident!
* * * LOW HITPOINT WARNING * * *
You fail to use your ability.
The faun shoots a sling bullet.
The sling bullet barely misses you.
You redirect the merfolk siren's attack!
The merfolk barely misses you.
The faun is stunned by your will and fails to attack.
The merfolk impaler hits you from afar with a +4 trident of flaming!
You die...

≈≈≈≈≈≈≈≈.....≈≈≈≈≈≈ ≈≈
≈ ≈≈≈≈≈≈≈≈≈...≈?≈≈≈≈≈≈
≈ ≈≈≈≈≈≈≈≈≈≈≈≈≈≈≈≈≈≈≈≈
≈≈
,..≈≈≈≈≈≈≈≈≈≈≈≈≈≈≈≈≈≈
≈ ..≈.≈≈≈≈≈≈≈≈≈≈.≈≈≈≈≈
≈ ≈
,≈≈≈cc≈≈≈m≈≈≈≈.≈≈≈≈≈≈≈
≈
,≈≈≈≈≈≈≈mmmmt≈≈≈≈≈≈≈≈≈
*
≈≈≈.c.(§≈m≈≈(.≈≈≈≈≈.,
, ≈ *,
.....c≈@gSm(.≈≈≈≈≈.. ,
* ...##≈..§≈≈≈≈≈≈≈≈...
≈ ≈
#.≈..<.((.......#*, ≈
≈ ≈≈≈≈.......##.....#
, ≈
≈≈≈≈≈≈≈≈.#...#,.....#
, * ≈
≈≈≈≈≈≈!.......##....^
* ≈≈ ≈
≈≈≈≈≈≈........## )..≈
* ≈≈≈≈≈≈..........
,..≈*,≈, ≈
≈≈≈≈......≈≈≈..* , , ≈


You could see Jorgrun, a merfolk impaler, a sea snake, a merfolk aquamancer, a
snapping turtle, 4 merfolk, 4 fauns and a merfolk siren (mesmerising).

Vanquished Creatures
  Harold (D:8)
  A hydra (Lair:4)
  An ogre mage (D:8)
  A manticore (D:8)
  Joseph (D:7)
  A cane toad (Lair:4)
  A tarantella (Lair:2)
  7 yaks
  2 fire bats (Lair:4)
  2 water moccasins
  2 porcupines
  2 orc warriors (D:8)
  3 phantoms
  4 wolves (Lair:4)
  3 ogres
  3 crocodiles
  3 centaurs
  9 bullfrogs
  3 killer bees (D:8)
  8 wights
  2 howler monkeys (D:6)
  2 centaur zombies (D:6)
  2 quasits (D:6)
  3 orc priests
  2 iguanas
  7 orc wizards
  3 hell rats (D:8)
  6 worker ants
  10 gnolls
  2 river rats (D:8)
  6 adders
  An ufetubus (D:8)
  13 orcs
  A giant cockroach (D:4)
  A goblin (D:2)
  2 hobgoblins
  3 jackals (D:4)
  A quokka (D:6)
  A ball python (D:6)
  3 rats
129 creatures vanquished.

Vanquished Creatures (others)
  A hydra (Lair:1)
  A porcupine (Lair:2)
  Blork the orc (D:6)
  An orc wizard (D:6)
  3 fungi
  4 plants
11 creatures vanquished.

Grand Total: 140 creatures vanquished

Notes
Turn   | Place    | Note
-------+----------+-------------------------------------------
     0 | D:1      | EnegeticOcto the Deep Dwarf Fighter began the quest for the
                  | Orb.
     0 | D:1      | Reached XP level 1. HP: 20/20 MP: 1/1
   296 | D:4      | Noticed an ogre
   297 | D:4      | Reached skill level 3 in Axes
   297 | D:4      | Reached XP level 2. HP: 25/27 MP: 2/2
   303 | D:4      | HP: 1/27 [ogre/+0 giant club (17)]
   312 | D:4      | Killed an ogre
   312 | D:4      | Reached skill level 5 in Axes
   312 | D:4      | Reached XP level 3. HP: 22/33 MP: 2/2
   312 | D:4      | Reached XP level 4. HP: 27/40 MP: 3/3
   327 | D:4      | You fall into a shaft and drop 2 floors!
   329 | D:6      | Noticed a bullfrog
   341 | D:7      | Reached XP level 5. HP: 27/46 MP: 3/3
   358 | D:7      | Noticed a yak
   358 | D:7      | Noticed a yak
   358 | D:7      | Noticed a yak
   358 | D:7      | Noticed a yak
   358 | D:7      | Noticed a yak
   381 | D:7      | Killed a yak
   381 | D:7      | Reached skill level 7 in Axes
   381 | D:7      | Reached XP level 6. HP: 38/55 MP: 2/2
   390 | D:7      | Killed a yak
   397 | D:7      | Killed a yak
   397 | D:7      | Reached skill level 8 in Axes
   397 | D:7      | Reached XP level 7. HP: 54/61 MP: 2/2
   402 | D:7      | Killed a yak
   402 | D:7      | Reached skill level 9 in Axes
   416 | D:7      | Killed a yak
   489 | D:7      | Noticed Joseph
   511 | D:7      | Killed Joseph
   511 | D:7      | Reached skill level 10 in Axes
   511 | D:7      | Reached XP level 8. HP: 35/68 MP: 2/2
   518 | D:6      | Found a staircase to the Ecumenical Temple.
   521 | D:6      | Noticed Blork the orc
   526 | Temple   | Entered the Ecumenical Temple
   539 | Temple   | Became a worshipper of Ru the Awakened
   568 | D:6      | Reached skill level 11 in Axes
   573 | D:6      | Reached skill level 1 in Spellcasting
   586 | D:6      | Killed Blork the orc
   637 | D:6      | Gained mutation: You passively map the area around you.
                  | [Deep Dwarf growth]
   637 | D:6      | Reached XP level 9. HP: 54/78 MP: 4/4
   671 | D:6      | Reached skill level 5 in Shields
  1051 | D:8      | Noticed Harold
  1057 | D:8      | Noticed a death yak
  1057 | D:8      | Noticed a death yak
  1062 | D:8      | Noticed a death yak
  1077 | D:8      | Banished a death yak
  1077 | D:8      | Reached skill level 5 in Fighting
  1077 | D:8      | Reached skill level 12 in Axes
  1099 | D:8      | Banished a death yak
  1099 | D:8      | Reached XP level 10. HP: 69/88 MP: 4/6
  1100 | D:8      | Killed Harold
  1104 | D:8      | Banished a death yak
  1145 | D:8      | Found a staircase to the Lair.
  1169 | D:8      | Gained mutation: You are somewhat unskilled. (-1 Apt) [Ru
                  | sacrifice]
  1169 | D:8      | Reduced skill Fighting to level 5
  1169 | D:8      | Reduced skill Axes to level 11
  1169 | D:8      | Reached * piety under Ru
  1237 | D:8      | Noticed an ogre mage
  1267 | D:8      | Killed an ogre mage
  1275 | D:8      | Reached skill level 5 in Spellcasting
  1302 | D:8      | Noticed a manticore
  1328 | D:8      | Killed a manticore
  1328 | D:8      | Noticed a cyclops
  1362 | D:8      | Banished a cyclops
  1362 | D:8      | Reached skill level 12 in Axes
  1362 | D:8      | Reached XP level 11. HP: 88/98 MP: 7/7
  1563 | Lair:1   | Entered Level 1 of the Lair of Beasts
  1606 | Lair:1   | Noticed a seven-headed hydra
  1611 | Lair:1   | Killed a seven-headed hydra
  1670 | Lair:1   | Gained mutation: Your spells are a little harder to cast,
                  | but a little more powerful. [potion of mutation]
  1670 | Lair:1   | Gained mutation: Your flesh is heat resistant. (rF+)
                  | [potion of mutation]
  1801 | Lair:2   | Found a hole to the Spider Nest.
  1824 | Lair:2   | Reached skill level 1 in Evocations
  1844 | Lair:2   | Reached skill level 1 in Dodging
  1943 | Lair:4   | Noticed a six-headed hydra
  1956 | Lair:4   | Killed a nine-headed hydra
  2036 | Lair:4   | Got a fine marble ring
  2038 | Lair:4   | Identified the ring of Keylex {+Inv rPois EV+4 Slay-2} (You
                  | found it on level 4 of the Lair of Beasts)
  2051 | Lair:3   | Gained mutation: You are slightly vulnerable to magic.
                  | (MR-) [Ru sacrifice]
  2051 | Lair:3   | Reached ** piety under Ru
  2051 | Lair:3   | Reached *** piety under Ru
  2057 | Lair:3   | Found a staircase to the Shoals.
  2072 | Shoals:1 | Entered Level 1 of the Shoals
  2074 | Shoals:1 | Noticed a merfolk aquamancer
  2086 | Shoals:1 | Noticed Jorgrun
  2089 | Shoals:1 | Noticed a merfolk impaler
  2096 | Shoals:1 | Noticed a sea snake
  2102 | Shoals:1 | Slain by a merfolk impaler

Illustrated notes

Levels and vault maps discovered:
D:1:      dpeg_arrival_prison, layout_rooms
D:2:      layout_basic, kennysheep_vampire_church, uniq_robin
D:3:      layout_loops_ring, cheibriados_altar_1, trog_butcher_becter
D:4:      layout_basic
D:6:      layout_cave_pools, lemuel_crystal_altar, minmay_temple_entry_grid,
          uniq_blork_the_orc
D:7:      layout_loops_corners, uniq_joseph
D:8:      layout_basic, nicolae_gozag_seed_capital, dpeg_lair_monsters,
          minmay_the_grid_2x2 [minmay_the_grid_embedded,
          minmay_the_grid_minigrid_medium, minmay_the_grid_outer_diamond,
          minmay_the_grid_prize_inner_circle], uniq_harold
D:9:      layout_loops_ring, kennysheep_little_box,
          lemuel_coloured_pillars_altar
Temple:   eino_temple_scatter_basement
Lair:1:   layout_regular_city, nicolae_quartered_pool_super,
          cheibrodos_lair_reptile_den
Lair:2:   layout_long_grid, spider_nest_entry_rubble
Lair:3:   layout_regular_city, minmay_shoals_entry_centaurs, grunt_megastairs_3
Lair:4:   layout_gridlike, basic_altar, lemuel_another_geyser,
          grunt_megastairs_2
Shoals:1: argonaut_golden_fleece, layout_shoals, nicolae_shoals_flooded_hall,
          uniq_roxanne, uniq_jorgrun

Skill      XL: |  1  2  3  4  5  6  7  8  9 10 11 |
---------------+----------------------------------+-----
Axes           | 3 5 7 8 10 11 12 12 | 12.6
Fighting       | 3 5 6 7 |  7.0
Spellcasting   | 2 4 5 |  5.8
Shields        | 4 6 7 8 |  8.4
Evocations     | 3 |  3.3
Dodging        | 2 |  2.3
Armour         | |  3.9

Action                   |  1- 3 |  4- 6 |  7- 9 | 10-12 || total
-------------------------+-------+-------+-------+-------++-------
Melee: War axe           |    26 |    39 |   124 |       ||   189
       Unarmed           |       |       |    23 |       ||    23
       Hand axe          |       |       |    70 |   239 ||   309
Invok: Sacrifice Skill   |       |       |       |     1 ||     1
       Draw Out Power    |       |       |       |     1 ||     1
       Sacrifice Essence |       |       |       |     1 ||     1
 Abil: Heal Wounds       |     4 |     6 |    16 |    25 ||    51
       Evoke Invisibilit |       |       |       |     1 ||     1
Evoke: Wand              |       |       |     2 |     7 ||     9
  Use: Scroll            |       |       |     5 |    11 ||    16
       Potion            |       |       |       |     2 ||     2
Armor: Scale mail        |    47 |    10 |    78 |       ||   135
       Skin              |       |       |    31 |       ||    31
       Plate armour      |       |       |    10 |   130 ||   140
Dodge: Dodged            |    39 |    13 |   183 |    43 ||   278
Block: Kite shield       |    54 |    16 |   131 |   154 ||   355

Table legend: (Time is in decaauts)
 A = Elapsed time spent in this place.
 B = Non-inter-level travel time spent in this place.
 C = Inter-level travel time spent in this place.
 D = Time resting spent in this place.
 E = Time spent auto-exploring this place.
 F = Levels seen in this place.
 G = Mean time per level.
                   A        B        C        D        E       F      G
               +--------+--------+--------+--------+--------+-----+--------+
         Total |   2082 |   2069 |     13 |      0 |      0 |  14 |  148.7 |
       Dungeon |   1533 |   1528 |      5 |      0 |      0 |   8 |  191.6 |
        Temple |     38 |     38 |      0 |      0 |      0 |   1 |   38.0 |
          Lair |    481 |    474 |      7 |      0 |      0 |   4 |  120.2 |
        Shoals |     29 |     29 |      0 |      0 |      0 |   1 |   29.0 |
               +--------+--------+--------+--------+--------+-----+--------+

Top non-repeatable levels by time:
     D:8: 512 daAuts
     D:7: 414 daAuts
     D:6: 265 daAuts
  Lair:1: 186 daAuts
     D:4: 124 daAuts
  Lair:4: 124 daAuts
     D:2: 105 daAuts
  Lair:2: 103 daAuts
     D:1: 88 daAuts
  Lair:3: 67 daAuts
  Temple: 38 daAuts
Shoals:1: 29 daAuts
     D:3: 21 daAuts
     D:9: 1 daAuts
